 Dungeon Crawl Stone Soup version 0.30.1 (webtiles) character file.

Game seed: 10693403931561767522

528 monsoonserge the Stinger (level 7, 0/38 HPs)
             Began as a Deep Elf Venom Mage on July 13, 2023.
             Slain by a water moccasin (4 damage)
             ... on level 7 of the Dungeon.
             The game lasted 00:17:19 (4202 turns).

monsoonserge the Stinger (Deep Elf Venom Mage)      Turns: 4202, Time: 00:17:19

Health: 0/38       AC:  4    Str:  9    XL:     7   Next: 3%
Magic:  5/15       EV: 12    Int: 25    God:
Gold:   293        SH:  4    Dex: 20    Spells: 2/14 levels left

rFire   + . .        D - +0 falchion of the Cursing Gods {vamp, rF+ Str+4 Dex+2}
rCold   . . .        F - +0 buckler
rNeg    . . .        E - +0 leather armour
rPois   .            (no helmet)
rElec   .            u - +0 cloak
rCorr   +            (no gloves)
SInv    .            (no boots)
Will    .....        (no amulet)
Stlth   ++           B - ring of Temptation {Wiz rCorr Int+3 Dex+3}
HPRegen 0.26/turn    (no ring)
MPRegen 0.14/turn

%: wizardry (x1)
@: lethally poisoned (0 -> -8)
A: no striking features
a: no special abilities


You were on level 7 of the Dungeon.
You visited 1 branch of the dungeon, and saw 7 of its levels.

You collected 293 gold pieces.

Inventory:

Hand Weapons
 v - a +2 dagger of draining
 D - the +0 falchion of the Cursing Gods (weapon) {vamp, rF+ Str+4 Dex+2}
   (You found it on level 7 of the Dungeon)

   Str:       It affects your strength (+4).
   Dex:       It affects your dexterity (+2).
   rF:        It protects you from fire.
Missiles
 c - 5 curare-tipped darts
 j - 5 atropa-tipped darts
 o - 7 boomerangs (quivered)
 q - 9 poisoned darts
Armour
 a - a +0 robe
 m - an orb of light
 u - a +0 cloak (worn)
 y - a +0 ring mail
 E - a +0 leather armour (worn)
 F - a +0 buckler (worn)
Jewellery
 h - an amulet of guardian spirit
 B - the ring of Temptation (left hand) {Wiz rCorr Int+3 Dex+3}
   (You found it on level 4 of the Dungeon)

   [ring of wizardry]

   It improves your spell success rate.
   Int:       It affects your intelligence (+3).
   Dex:       It affects your dexterity (+3).
   rCorr:     It protects you from acid and corrosion.
Scrolls
 f - 3 scrolls of teleportation {unknown}
 l - a scroll of silence {unknown}
 p - 8 scrolls of identify {unknown}
 r - a scroll of fog {unknown}
 t - a scroll of poison {unknown}
 w - a scroll of magic mapping {unknown}
 x - 3 scrolls of amnesia {unknown}
 C - a scroll of enchant weapon {unknown}
Potions
 b - 2 potions of magic
 e - 2 potions of brilliance {unknown}
 g - a potion of haste {unknown}
 i - a potion of berserk rage {unknown}
 k - a potion of mutation {unknown}
 n - 2 potions of heal wounds {unknown}
 s - 2 potions of invisibility {unknown}
 z - a potion of resistance {unknown}
 A - a potion of flight {unknown}
 G - a potion of might {unknown}


   Skills:
 + Level 1.1 Fighting
 + Level 2.4 Short Blades
 * Level 0.6 Armour
 + Level 3.2 Dodging
 + Level 3.2 Stealth
 * Level 0.5 Shields
 + Level 4.0 Spellcasting
 * Level 1.4 Conjurations
 - Level 2.0 Transmutations
 * Level 2.2 Air Magic
 + Level 5.7 Poison Magic


You had 2 spell levels left.
You knew the following spells:

 Your Spells              Type           Power      Damage    Failure   Level
a - Sting                 Tmut/Pois      96%        1d7       1%          1
b - Poisonous Vapours     Pois/Air       48%        N/A       2%          2
c - Mephitic Cloud        Conj/Pois/Air  20%        N/A       7%          3
d - Olgreb's Toxic Radia  Pois           33%        N/A       8%          4
e - Blink                 Tloc           10%        N/A       12%         2

Your spell library contained the following spells:

 Spells                   Type           Power      Damage    Failure   Level
 Passwall                 Tmut/Erth      8%         N/A       9%          2
 Ensorcelled Hibernation  Hex/Ice        10%        N/A       12%         2
 Swiftness                Air            16%        N/A       10%         3
 Stone Arrow              Conj/Erth      16%        3d8       17%         3
 Animate Armour           Summ/Erth      10%        N/A       58%         4
 Manifold Assault         Tloc           5%         N/A       58%         4
 Storm Form               Tmut/Air       7%         N/A       100%        7
 Discord                  Hex            2%         N/A       100%        8
 Ignition                 Fire           2%         3d3       100%        8
 Lehudib's Crystal Spear  Conj/Erth      4%         10d3      100%        8


Dungeon Overview and Level Annotations

Branches:
Dungeon (7/15)
 Temple: D:4-7

Altars:
Ashenzari
Dithmenos

Annotations:
D:3 3 runed translucent doors, Drain's ghost, weakling DrCj
D:4 Sigmund
D:5 2 transporters, CInkIbrahim's ghost, novice VSGl
D:7 2 runed translucent doors, Prince Ribbit


Message History

Casting: Sting (safe; 1% risk of failure)
Confirm with . or Enter, or press ? or * to list all spells.
Aiming: Sting (safe; 1% risk of failure)
Press: ? - help, Shift-Dir - straight line, f/p - water moccasin
Aim: a water moccasin (lightly wounded, poisoned, 60% to hit)
The sting hits the water moccasin but does no damage.
The water moccasin looks even sicker.
The water moccasin is lightly wounded.
The water moccasin misses you.
Prince Ribbit blinks!
The water moccasin closely misses you.
Casting: Sting (safe; 1% risk of failure)
Confirm with . or Enter, or press ? or * to list all spells.
Aiming: Sting (safe; 1% risk of failure)
Press: ? - help, Shift-Dir - straight line, f/p - water moccasin
Aim: a water moccasin (lightly wounded, very poisoned, 60% to hit)
The sting hits the water moccasin.
The water moccasin partially resists.
The water moccasin is lightly wounded.
The water moccasin bites you but does no damage.
Unknown command.
Casting: Sting (safe; 1% risk of failure)
Confirm with . or Enter, or press ? or * to list all spells.
Aiming: Sting (safe; 1% risk of failure)
Press: ? - help, Shift-Dir - straight line, f/p - water moccasin
Aim: a water moccasin (lightly wounded, very poisoned, 60% to hit)
The sting misses the water moccasin.
The water moccasin barely misses you. The water moccasin bites you.
* * * LOW HITPOINT WARNING * * *
You are lethally poisoned!
The water moccasin poisons you!
You slash the water moccasin!
You feel better.
The water moccasin is heavily wounded.
* * * LOW HITPOINT WARNING * * *
You feel very sick.
The water moccasin bites you but does no damage.
You hit the water moccasin.
The water moccasin is heavily wounded.
* * * LOW HITPOINT WARNING * * *
You feel very sick. The water moccasin bites you.
You die...

#############
######.........@.#
#........#######S#
#.####.#.# #.# #.#
#.#.# #.##########
#.# #.#.#
#........... #.#
#.#.# #####.#.####
#.# #.#.# .# #.#
#.#.# .# #.# #.#.#
##


You could see a water moccasin (poisoned).

Vanquished Creatures
  A water moccasin (D:7)
  An ogre (D:6)
  2 howler monkeys (D:6)
  2 hounds
  A jelly (D:5)
  2 iguanas
  5 adders
  A shadow imp (D:6)
  2 white imps
  A worm (D:3)
  A dart slug (D:1)
  6 orcs
  4 ball pythons
  8 bats
  5 endoplasms
  3 giant cockroaches
  2 goblins
  3 hobgoblins
  2 jackals (D:4)
  2 quokkas (D:2)
  6 frilled lizards
  4 kobolds
  3 rats
67 creatures vanquished.

Notes
Turn   | Place    | Note
-------+----------+-------------------------------------------
     0 | D:1      | monsoonserge the Deep Elf Venom Mage began the quest for
                  | the Orb.
     0 | D:1      | Reached XP level 1. HP: 10/10 MP: 6/6
   544 | D:1      | Reached XP level 2. HP: 15/15 MP: 5/8
   547 | D:1      | Learned a level 2 spell: Poisonous Vapours
   996 | D:2      | Reached skill level 4 in Poison Magic
   996 | D:2      | Reached XP level 3. HP: 18/19 MP: 1/9
  1004 | D:2      | Learned a level 3 spell: Mephitic Cloud
  1475 | D:2      | Found a shadowy altar of Dithmenos.
  1478 | D:2      | Found a faded altar of an unknown god.
  2256 | D:3      | Found a runed translucent gate.
  2257 | D:3      | Found a runed translucent gate.
  2258 | D:3      | Found a runed translucent gate.
  2260 | D:3      | Noticed Drain's ghost (weakling DrCj)
  2260 | D:3      | Noticed a kobold brigand
  2527 | D:4      | Noticed Sigmund
  2532 | D:3      | Reached skill level 1 in Air Magic
  2532 | D:3      | Reached XP level 4. HP: 22/24 MP: 7/11
  2619 | D:4      | Learned a level 4 spell: Olgreb's Toxic Radiance
  2745 | D:4      | Identified the ring of Temptation {Wiz rCorr Int+3 Dex+3}
  2841 | D:4      | Noticed a black bear
  2868 | D:5      | Entered Level 5 of the Dungeon
  2935 | D:5      | Reached skill level 1 in Conjurations
  2939 | D:5      | Reached XP level 5. HP: 18/28 MP: 7/13
  3028 | D:5      | Noticed an ice beast
  3127 | D:5      | Reached skill level 1 in Short Blades
  3127 | D:5      | Reached skill level 5 in Poison Magic
  3235 | D:5      | Noticed CInkIbrahim's ghost (novice VSGl)
  3235 | D:5      | Noticed an ogre
  3236 | D:5      | Found a transporter.
  3239 | D:5      | Noticed an ogre
  3241 | D:5      | Found a transporter.
  3243 | D:5      | Noticed an ice beast
  3314 | D:6      | Noticed an ice beast
  3341 | D:6      | Reached XP level 6. HP: 22/33 MP: 9/14
  3470 | D:7      | Identified the +0 falchion of the Cursing Gods {vamp, rF+
                  | Str+4 Dex+2}
  3772 | D:6      | Noticed an orc warrior
  3780 | D:6      | Reached skill level 1 in Fighting
  3881 | D:7      | Found a large runed translucent door.
  3882 | D:7      | Found a large runed translucent door.
  3908 | D:7      | Noticed a water moccasin
  3909 | D:7      | Found a broken altar of Ashenzari.
  3920 | D:7      | Killed a water moccasin
  3921 | D:7      | Reached XP level 7. HP: 8/38 MP: 9/15
  4115 | D:7      | Learned a level 2 spell: Blink
  4183 | D:7      | Noticed Prince Ribbit
  4202 | D:7      | Slain by a water moccasin

Illustrated notes

Levels and vault maps discovered:
D:1:      spicycebolla_arrival_xxxplode, layout_basic
D:2:      layout_rooms, dreamdust_ecumenical_altar_statues, basic_altar,
          minmay_box_of_dots
D:3:      layout_basic, gammafunk_ghost_nasty_kobolds
D:4:      layout_basic, gammafunk_ghost_abyssal_escape, minmay_checkerbox,
          uniq_sigmund
D:5:      layout_loops_cross, gammafunk_ghost_smash
D:6:      kennysheep_kobold_camp, layout_basic, minmay_temple_entry_waves,
          uniq_crazy_yiuf_cottage
D:7:      layout_loops_ring, evilmike_ruin_ashenzari, jmf_multi_god_temple2,
          uniq_prince_ribbit1, uniq_maggie

Skill      XL: |  1  2  3  4  5  6 |
---------------+-------------------+-----
Poison Magic   | 4 5 |  5.7
Transmutations | 2 |  2.0
Air Magic      | 1 2 |  2.2
Spellcasting   | 4 |  4.0
Conjurations   | 1 |  1.4
Stealth        | 3 |  3.2
Short Blades   | 1 2 |  2.4
Dodging        | 3 |  3.2
Fighting       | 1 |  1.1
Armour         | |  0.6
Shields        | |  0.5

Action                     |  1- 3 |  4- 6 |  7- 9 || total
---------------------------+-------+-------+-------++-------
  Melee: Short sword       |     7 |       |       ||     7
         Long sword        |    16 |       |       ||    16
         Dagger            |    17 |    30 |       ||    47
         Falchion          |       |    10 |     7 ||    17
  Throw: Boomerang         |       |     1 |       ||     1
   Cast: Sting             |    56 |    44 |     8 ||   108
         Poisonous Vapours |     9 |    16 |       ||    25
         Mephitic Cloud    |       |     1 |     1 ||     2
    Use: Potion            |       |     1 |     1 ||     2
   Stab: Sleeping          |     2 |     1 |       ||     3
 Armour: Robe              |    13 |    11 |       ||    24
         Leather armour    |       |     1 |     3 ||     4
  Dodge: Dodged            |    32 |    43 |     7 ||    82
  Block: Buckler           |       |     3 |     4 ||     7
